 Dungeon Crawl Stone Soup version 0.31-a0-246-g8cbcc1cb85 (webtiles) character file.

Game seed: 2161591260017254298

10609 qw the Skirmisher (level 11, -9/78 HPs)
             Began as a Gargoyle Hexslinger on July 12, 2023.
             Was a Believer of Okawaru.
             Mangled by a hell rat (11 damage)
             ... on level 1 of the Lair of Beasts.
             The game lasted 00:05:12 (10573 turns).

qw the Skirmisher (Gargoyle Hexslinger)            Turns: 10573, Time: 00:05:13

Health: -9/78      AC: 25    Str: 19    XL:     11   Next: 64%
Magic:  13/14      EV: 22    Int: 15    God:    Okawaru [**....]
Gold:   232        SH:  0    Dex: 16    Spells: 11/12 levels left

rFire   + + .        Y - +0 orcbow
rCold   . . .        (shield currently unavailable)
rNeg    + . .        h - +0 steam dragon scales
rPois   inf          (helmet restricted)
rElec   +            c - +2 cloak {rPois}
rCorr   .            e - +0 pair of gloves
SInv    .            f - +0 pair of boots "Rihosch" {Rampage rF++ Str+5}
Will    +....        j - amulet of faith
Stlth   +++          l - ring of Buejofay {Will+ AC+4 Str+3}
HPRegen 0.33/turn    n - +5 ring of evasion
MPRegen 0.14/turn

%: clarity, rampage, faith
@: heroic
A: sickness immunity, AC +8, negative energy resistance 1, electricity
resistance, torment resistance 1, petrification resistance, antennae 1, clarity,
robust 1
a: Renounce Religion, Heroism


You were on level 1 of the Lair of Beasts.
You worshipped Okawaru.
Okawaru was pleased with you.
You visited 3 branches of the dungeon, and saw 12 of its levels.

You collected 617 gold pieces.
You spent 385 gold pieces at shops.


Innate Abilities, Weirdness & Mutations

You are immune to sickness and miasma.
Your stone body is resilient. (AC +8)
You are immune to poison.
You resist negative energy. (rN+)
You are resistant to electric shocks. (rElec)
You are resistant to unholy torment.
You are immune to petrification.
You have a pair of small antennae on your head.
You possess an exceptional clarity of mind.
You are robust. (+10% HP)


   Skills:
 + Level 9.3(14.3) Fighting
 - Level 14.0(19.0) Ranged Weapons
 - Level 5.0(10.0) Armour
 - Level 4.1(9.1) Dodging
 - Level 1.0 Spellcasting
 - Level 2.6 Hexes
 - Level 4.0 Invocations


You had 11 spell levels left.
You knew the following spells:

 Your Spells              Type           Power      Damage    Failure   Level
a - Slow                  Hex            32%        N/A       9%          1

Your spell library contained the following spells:

 Spells                   Type           Power      Damage    Failure   Level
 Inner Flame              Hex/Fire       4%         N/A       38%         3
 Portal Projectile        Hex/Tloc       8%         N/A       38%         3
 Cause Fear               Hex            4%         N/A       63%         4

Inventory:

Hand Weapons
 Y - a +0 orcbow (weapon)
Armour
 c - a +2 cloak of poison resistance (worn)
 e - a +0 pair of gloves (worn)
 f - the +0 pair of boots "Rihosch" (worn) {Rampage rF++ Str+5}
   (You found it on level 8 of the Dungeon)

   Str:       It affects your strength (+5).
   rF:        It greatly protects you from fire.
   Rampage:   It bestows one free step when moving towards enemies.
 h - +0 steam dragon scales (worn)
 m - a +0 leather armour of fire resistance
Jewellery
 g - an amulet of reflection
 j - an amulet of faith (around neck)
 l - the ring of Buejofay (left hand) {Will+ AC+4 Str+3}
   (You found it on level 10 of the Dungeon)

   [ring of protection]

   AC:        It affects your AC (+4).
   Str:       It affects your strength (+3).
   Will:      It increases your willpower.
 n - a +5 ring of evasion (right hand)
Scrolls
 d - 4 scrolls of identify
Potions
 b - 4 potions of enlightenment
 i - 7 potions of curing
 k - 2 potions of mutation

Dungeon Overview and Level Annotations

Branches:
Dungeon (10/15)            Temple (1/1) D:5            Lair (1/5) D:10
    Orc (0/2) D:10

Altars:
Ashenzari
Cheibriados
Dithmenos
Elyvilon
Fedhas
Gozag
Hepliaklqana
Kikubaaqudgha
Makhleb
Nemelex Xobeh
Okawaru
Qazlal
Ru
Sif Muna
Trog
Uskayaw
Vehumet
Wu Jian
Xom
Yredelemnul
Zin
The Shining One

Shops:
D:3 *   D:4 *   D:6 *   D:7 [

Annotations:
D:4 1 runed translucent door, qw's ghost, amateur MiHs
D:6 3 runed translucent doors, exclusion: gnoll sergeant, qw's ghost, novice GrHs


Message History

The wolf is almost dead.
The hell rat bites you. The wolf closely misses you. The hell rat misses you.
The hell rat bites you.
You shoot an arrow. The arrow barely misses the wolf.
The arrow hits the bullfrog.
The bullfrog is almost dead.
The hell rat completely misses you. The wolf misses you.
You shoot an arrow. The arrow hits the wolf.
You kill the wolf!
Okawaru accepts your kill.
The hell rat bites you but does no damage.
The hell rat closely misses you. x2
You shoot an arrow. The arrow barely misses the bullfrog.
The bullfrog hits you but does no damage.
The hell rat closely misses you. x3; The bullfrog completely misses you.
You shoot an arrow. The arrow hits the bullfrog.
You kill the bullfrog!
Okawaru accepts your kill. The hell rat completely misses you.
The hell rat bites you but does no damage.
You shoot an arrow.
The arrow completely misses the hell rat.
The hell rat barely misses you.
The hell rat bites you but does no damage.
The hell rat barely misses you.
You shoot an arrow. The arrow barely misses the hell rat.
The hell rat closely misses you. The hell rat barely misses you.
The hell rat bites you!
You shoot an arrow. The arrow closely misses the hell rat.
The hell rat closely misses you.
The hell rat bites you but does no damage.
The hell rat bites you.
You shoot an arrow. The arrow hits the hell rat.
The hell rat is lightly wounded.
The hell rat completely misses you.
You shoot an arrow. The arrow barely misses the hell rat.
The hell rat misses you. x3
You shoot an arrow. The arrow barely misses the hell rat.
The hell rat bites you!
You die...

~~~>~~~~........##......##.###
~~.~~~~~~..%....##....#..#...#
~~~~~~~..%..+#+.#....##.....#
~~~~~..#.#.....###...)#..#..#
~~~~~.###....)..###.####..#(..#
.~~~.# #.......#P#...###.##..#
#~#~# #...}.#.......# ..##.# ##
#.#..rr......## #....#
#.....@(....#..# #####
[..)..r%##.......#
.###....###.....## #.....#
##...## #.###.#. .}.## ... .. .
.... .. }. . ... ..


You could see 3 hell rats.

Vanquished Creatures
  2 two-headed ogres (D:10)
  Pikel (D:5)
  Maurice (D:7)
  An unseen horror (D:10)
  3 komodo dragons
  A polar bear (Lair:1)
  Grinder (D:3)
  Sigmund (D:4)
  A wraith (D:10)
  4 shadows
  5 yaks
  2 steam dragons
  6 water moccasins
  3 hell hounds (D:10)
  An orc warrior (D:9)
  A sky beast (D:6)
  3 black bears
  3 ogres
  9 wolves (Lair:1)
  A centaur (D:9)
  A lemure (D:5)
  Blork the orc (D:6)
  3 kobold brigands
  2 phantoms
  3 gnoll sergeants
  4 scorpions
  3 bullfrogs (Lair:1)
  6 wights
  3 killer bees (D:7)
  3 howler monkeys
  2 hounds
  4 orc priests
  2 jellies
  Jessica (D:2)
  Ijyb (D:4)
  4 iguanas
  A sleepcap (D:5)
  11 orc wizards
  3 hell rats (Lair:1)
  23 gnolls
  11 adders
  A river rat (D:7)
  A shadow imp (D:7)
  A white imp (D:7)
  An ufetubus (D:5)
  5 worms
  2 dart slugs
  36 orcs
  8 ball pythons
  5 endoplasms
  5 goblins
  4 hobgoblins
  7 kobolds
  7 quokkas
  5 bats
  3 frilled lizards
  3 rats
236 creatures vanquished.

Vanquished Creatures (others)
  A bullfrog (D:7)
1 creature vanquished.

Grand Total: 237 creatures vanquished

Notes
Turn   | Place    | Note
-------+----------+-------------------------------------------
     0 | D:1      | qw the Gargoyle Hexslinger began the quest for the Orb.
     0 | D:1      | Reached XP level 1. HP: 12/12 MP: 2/2
     0 | D:1      | 0 ||| qw: Version: 0.3-a-52-g30416fa
     0 | D:1      | 0 ||| qw: Game counter: 6324
     0 | D:1      | 0 ||| qw: Melee chars always use a shield: true
     0 | D:1      | 0 ||| qw: God list: Okawaru
     0 | D:1      | 0 ||| qw: Allow faded altars: false
     0 | D:1      | 0 ||| qw: Do Orc after clearing Dungeon:15 true
     0 | D:1      | 0 ||| qw: Do second Lair branch before Depths: true
     0 | D:1      | 0 ||| qw: Lair rune preference: random
     0 | D:1      | 0 ||| qw: Goals: Normal
     0 | D:1      | 0 ||| PLANNING D:1-11
   228 | D:1      | Reached XP level 2. HP: 16/16 MP: 3/3
   788 | D:1      | 788 ||| UPGRADING to +0 pair of gloves.
   793 | D:1      | 793 ||| UPGRADING to amulet of reflection.
   798 | D:1      | 798 ||| DROPPING ring of flight.
   799 | D:1      | 799 ||| READING scroll labelled UKKOXU LIHYPSU.
   800 | D:1      | 800 ||| DROPPING scroll of poison.
   877 | D:2      | 877 ||| STAIRDANCE
   901 | D:1      | 901 ||| UPGRADING to +0 leather armour.
   911 | D:1      | 911 ||| DROPPING +0 robe.
   916 | D:2      | 916 ||| STAIRDANCE
   922 | D:1      | Reached skill level 3 in Ranged Weapons
   960 | D:2      | 960 ||| STAIRDANCE
   967 | D:1      | Reached XP level 3. HP: 14/21 MP: 4/4
  1128 | D:2      | 1128 ||| FLEEEEING.
  1129 | D:2      | 1129 ||| FLEEEEING.
  1130 | D:2      | 1130 ||| FLEEEEING.
  1139 | D:2      | Noticed Jessica
  1143 | D:2      | Killed Jessica
  1144 | D:2      | Reached skill level 4 in Ranged Weapons
  1144 | D:2      | Reached XP level 4. HP: 23/26 MP: 5/5
  1144 | D:2      | 1144 ||| FLEEEEING.
  1145 | D:2      | 1145 ||| STAIRDANCE
  1156 | D:1      | 1156 ||| READING scroll labelled BER SEICEO.
  1157 | D:1      | 1157 ||| READING scroll labelled YVAIKK XEYTUV.
  1160 | D:2      | 1160 ||| STAIRDANCE
  1263 | D:2      | 1263 ||| READING scroll of enchant weapon.
  1263 | D:2      | 1263 ||| ENCHANTING +2 sling.
  1391 | D:2      | Found a faded altar of an unknown god.
  1441 | D:2      | Reached XP level 5. HP: 30/30 MP: 6/6
  1581 | D:2      | 1581 ||| UPGRADING to +0 cloak.
  1586 | D:2      | 1586 ||| READING scroll labelled XYS RORRELAOJO.
  1587 | D:2      | 1587 ||| DRINKING 2 grey potions.
  1705 | D:3      | Reached skill level 5 in Ranged Weapons
  1781 | D:3      | Found Ret Rifezou's Assorted Antiques.
  1789 | D:3      | 1789 ||| BUYING curved glass wand (76 gold).
  1789 | D:3      | Bought a curved glass wand for 76 gold pieces
  1789 | D:3      | 1789 ||| BUYING murky white potion (17 gold).
  1789 | D:3      | Bought a murky white potion for 17 gold pieces
  1789 | D:3      | 1789 ||| SHOPLISTING ruby potion (17 gold, have 5).
  1789 | D:3      | 1789 ||| SHOPLISTING scroll labelled ZOOXU RITIUVEPH (19
                  | gold, have 5).
  1855 | D:3      | Noticed Grinder
  1865 | D:3      | Paralysed by Grinder for 4 turns
  1868 | D:3      | HP: 7/30 [Grinder (1)]
  1869 | D:3      | 1869 ||| DRINKING potion of heal wounds.
  1888 | D:3      | Killed Grinder
  1889 | D:3      | Reached XP level 6. HP: 17/40 MP: 7/7
  2208 | D:3      | 2208 ||| FLEEEEING.
  2216 | D:3      | 2216 ||| FLEEEEING.
  2217 | D:3      | 2217 ||| FLEEEEING.
  2224 | D:3      | Reached skill level 1 in Armour
  2565 | D:3      | 2565 ||| UPGRADING to amulet of faith.
  2575 | D:3      | 2575 ||| DRINKING 2 murky white potions.
  2576 | D:3      | 2576 ||| DROPPING wand of iceblast (5).
  2637 | D:4      | Found a runed translucent door.
  2639 | D:4      | Noticed qw's ghost (amateur MiHs)
  2644 | D:4      | Found Usak's Mayhem Merchandise.
  2723 | D:4      | Reached XP level 7. HP: 22/44 MP: 8/8
  2911 | D:4      | Noticed Sigmund
  2930 | D:4      | Killed Sigmund
  2931 | D:4      | Reached skill level 6 in Ranged Weapons
  3021 | D:4      | 3021 ||| UPGRADING to +0 ring mail.
  3064 | D:4      | 3064 ||| DROPPING +0 leather armour.
  3230 | D:4      | Noticed Ijyb
  3252 | D:4      | Killed Ijyb
  3322 | D:4      | Reached skill level 7 in Ranged Weapons
  3519 | D:4      | 3519 ||| READING scroll labelled LIAX DOHAC.
  3524 | D:4      | 3524 ||| READING scroll labelled ZYVEDEQIJE.
  3532 | D:5      | Entered Level 5 of the Dungeon
  3584 | D:5      | Reached XP level 8. HP: 40/48 MP: 9/9
  3660 | D:5      | Found a sparkling altar of Nemelex Xobeh.
  3827 | D:5      | Noticed Pikel
  3840 | D:5      | Killed Pikel
  3841 | D:5      | Reached skill level 9 in Ranged Weapons
  4149 | D:5      | Found a staircase to the Ecumenical Temple.
  4150 | D:5      | 4150 ||| PLANNING TEMPLE
  4150 | D:5      | 4150 ||| DROPPING amulet of regeneration.
  4151 | D:5      | 4151 ||| READING scroll labelled FER VEG QUYTOI.
  4160 | Temple   | Entered the Ecumenical Temple
  4211 | Temple   | 4211 ||| PLANNING D:1-11
  4360 | D:6      | HP: 12/50 [water moccasin (3)]
  4361 | D:6      | 4361 ||| READING scroll of teleportation.
  4361 | D:6      | HP: 3/50 [iguana (9)]
  4375 | D:6      | Reached skill level 6 in Fighting
  4375 | D:6      | Reached XP level 9. HP: 7/55 MP: 10/10
  4375 | D:6      | 4375 ||| FLEEEEING.
  4376 | D:6      | HP: 5/55 [iguana (3)]
  4388 | D:6      | 4388 ||| FLEEEEING.
  4389 | D:6      | 4389 ||| FLEEEEING.
  4709 | D:6      | Reached skill level 10 in Ranged Weapons
  4713 | D:6      | Reached skill level 3 in Armour
  4805 | D:6      | Found a bloodstained altar of Trog.
  4875 | D:6      | Found a runed translucent gate.
  4875 | D:6      | Found a runed translucent gate.
  4875 | D:6      | Found a runed translucent gate.
  4875 | D:6      | Noticed qw's ghost (novice GrHs)
  5183 | D:6      | Found Waxt's CLEARANCE SALE!.
  5189 | D:6      | 5189 ||| BUYING +0 helmet (18 gold).
  5189 | D:6      | Bought a +0 helmet for 18 gold pieces
  5189 | D:6      | 5189 ||| BUYING potion of curing (12 gold).
  5189 | D:6      | Bought a potion of curing for 12 gold pieces
  5223 | D:6      | 5223 ||| Stepping ~*~*~tactically~*~*~ (outnumbered).
  5225 | D:6      | 5225 ||| Stepping ~*~*~tactically~*~*~ (outnumbered).
  5238 | D:6      | 5238 ||| UPGRADING to +0 helmet.
  5251 | D:6      | 5251 ||| FLEEEEING.
  5252 | D:6      | 5252 ||| FLEEEEING.
  5253 | D:6      | 5253 ||| FLEEEEING.
  5254 | D:6      | 5254 ||| FLEEEEING.
  5255 | D:6      | 5255 ||| FLEEEEING.
  5256 | D:6      | 5256 ||| FLEEEEING.
  5257 | D:6      | 5257 ||| FLEEEEING.
  5258 | D:6      | 5258 ||| FLEEEEING.
  5259 | D:6      | 5259 ||| FLEEEEING.
  5260 | D:6      | 5260 ||| FLEEEEING.
  5262 | D:6      | 5262 ||| FLEEEEING.
  5263 | D:6      | 5263 ||| FLEEEEING.
  5264 | D:6      | 5264 ||| FLEEEEING.
  5265 | D:6      | 5265 ||| FLEEEEING.
  5266 | D:6      | 5266 ||| FLEEEEING.
  5267 | D:6      | 5267 ||| FLEEEEING.
  5268 | D:6      | 5268 ||| FLEEEEING.
  5269 | D:6      | 5269 ||| FLEEEEING.
  5270 | D:6      | 5270 ||| FLEEEEING.
  5271 | D:6      | 5271 ||| FLEEEEING.
  5272 | D:6      | 5272 ||| FLEEEEING.
  5273 | D:6      | 5273 ||| FLEEEEING.
  5274 | D:6      | 5274 ||| FLEEEEING.
  5275 | D:6      | 5275 ||| FLEEEEING.
  5276 | D:6      | 5276 ||| FLEEEEING.
  5277 | D:6      | 5277 ||| FLEEEEING.
  5278 | D:6      | 5278 ||| FLEEEEING.
  5279 | D:6      | 5279 ||| FLEEEEING.
  5280 | D:6      | 5280 ||| FLEEEEING.
  5281 | D:6      | 5281 ||| FLEEEEING.
  5282 | D:6      | 5282 ||| FLEEEEING.
  5283 | D:6      | 5283 ||| FLEEEEING.
  5284 | D:6      | 5284 ||| FLEEEEING.
  5286 | D:6      | 5286 ||| FLEEEEING.
  5288 | D:6      | 5288 ||| FLEEEEING.
  5289 | D:6      | 5289 ||| FLEEEEING.
  5291 | D:6      | 5291 ||| FLEEEEING.
  5292 | D:6      | 5292 ||| FLEEEEING.
  5293 | D:6      | 5293 ||| FLEEEEING.
  5294 | D:6      | 5294 ||| FLEEEEING.
  5295 | D:6      | 5295 ||| FLEEEEING.
  5296 | D:6      | 5296 ||| FLEEEEING.
  5297 | D:6      | 5297 ||| FLEEEEING.
  5298 | D:6      | 5298 ||| FLEEEEING.
  5299 | D:6      | 5299 ||| FLEEEEING.
  5300 | D:6      | 5300 ||| FLEEEEING.
  5301 | D:6      | 5301 ||| FLEEEEING.
  5302 | D:6      | 5302 ||| FLEEEEING.
  5303 | D:6      | 5303 ||| FLEEEEING.
  5304 | D:6      | 5304 ||| FLEEEEING.
  5305 | D:6      | 5305 ||| FLEEEEING.
  5306 | D:6      | 5306 ||| FLEEEEING.
  5307 | D:6      | 5307 ||| FLEEEEING.
  5308 | D:6      | 5308 ||| FLEEEEING.
  5309 | D:6      | 5309 ||| FLEEEEING.
  5310 | D:6      | 5310 ||| FLEEEEING.
  5311 | D:6      | 5311 ||| FLEEEEING.
  5312 | D:6      | 5312 ||| FLEEEEING.
  5313 | D:6      | 5313 ||| FLEEEEING.
  5314 | D:6      | 5314 ||| FLEEEEING.
  5315 | D:6      | 5315 ||| FLEEEEING.
  5316 | D:6      | 5316 ||| FLEEEEING.
  5317 | D:6      | 5317 ||| FLEEEEING.
  5318 | D:6      | 5318 ||| FLEEEEING.
  5319 | D:6      | 5319 ||| FLEEEEING.
  5320 | D:6      | 5320 ||| FLEEEEING.
  5321 | D:6      | 5321 ||| FLEEEEING.
  5322 | D:6      | 5322 ||| FLEEEEING.
  5323 | D:6      | 5323 ||| FLEEEEING.
  5324 | D:6      | 5324 ||| STAIRDANCE
  5387 | D:5      | 5387 ||| READING scroll labelled CAPREASS DOAM.
  5388 | D:5      | 5388 ||| READING scroll labelled XEILYA CUUH.
  5389 | D:5      | 5389 ||| DRINKING 2 ruby potions.
  5389 | D:5      | Gained mutation: You are robust. (+10% HP) [potion of
                  | mutation]
  5389 | D:5      | Gained mutation: You have a pair of small antennae on your
                  | head. [potion of mutation]
  5389 | D:5      | Gained mutation: You possess an exceptional clarity of
                  | mind. [potion of mutation]
  5404 | D:5      | 5404 ||| DROPPING +0 helmet.
  5405 | D:5      | 5405 ||| READING 2 scrolls of identify.
  5405 | D:5      | 5405 ||| IDENTIFYING glowing golden potion
  5406 | D:5      | 5406 ||| DROPPING potion of lignification.
  5637 | D:6      | Noticed Blork the orc
  5654 | D:6      | Reached skill level 11 in Ranged Weapons
  5659 | D:6      | Killed Blork the orc
  5680 | D:6      | 5680 ||| FLEEEEING.
  6546 | D:7      | 6546 ||| Stepping ~*~*~tactically~*~*~ (outnumbered).
  6559 | D:7      | Reached XP level 10. HP: 48/70 MP: 11/11
  6774 | D:7      | Found Cuuruaca's Antique Armour Shoppe.
  6782 | D:7      | 6782 ||| SHOPLISTING crude cloak (332 gold, have 265).
  6782 | D:7      | 6782 ||| BUYING pair of glowing boots (262 gold).
  6782 | D:7      | Bought a pair of glowing boots for 262 gold pieces
  6782 | D:7      | 6782 ||| SHOPLISTING runed robe (129 gold, have 3).
  6782 | D:7      | 6782 ||| SHOPLISTING transparent ring mail (315 gold, have
                  | 3).
  6805 | D:7      | Found a broken altar of Ashenzari.
  6869 | D:7      | 6869 ||| Stepping ~*~*~tactically~*~*~ (outnumbered).
  6879 | D:7      | Reached skill level 3 in Dodging
  6889 | D:7      | HP: 17/70 [gnoll/+0 halberd (9)]
  7069 | D:7      | Identified the +10 dagger of Cioxtih {elec, Will- MP+9
                  | Int+2}
  7317 | D:7      | 7317 ||| UPGRADING to +1 pair of boots.
  7322 | D:7      | 7322 ||| DROPPING scarf of harm.
  7323 | D:7      | 7323 ||| UPGRADING to +0 leather armour of fire resistance.
  7333 | D:7      | 7333 ||| UPGRADING to +5 ring of evasion.
  7334 | D:7      | 7334 ||| READING 3 scrolls of identify.
  7334 | D:7      | 7334 ||| IDENTIFYING orange potion
  7335 | D:7      | 7335 ||| DROPPING potion of attraction.
  7363 | D:8      | Noticed Maurice
  7375 | D:8      | 7375 ||| STAIRDANCE
  7410 | D:7      | HP: 17/70 [suicidal targeting (10)]
  7410 | D:7      | HP: 8/70 [something (8)]
  7411 | D:7      | Killed Maurice
  7611 | D:7      | 7611 ||| UPGRADING to +2 cloak of poison resistance.
  7621 | D:7      | 7621 ||| DROPPING +0 cloak.
  7631 | D:8      | 7631 ||| STAIRDANCE
  7760 | D:8      | 7760 ||| DROPPING +0 ring mail.
  7817 | D:8      | Identified the +0 pair of boots "Rihosch" {Rampage rF++
                  | Str+5}
  7854 | D:8      | Reached skill level 12 in Ranged Weapons
  7868 | D:8      | Found an ancient bone altar of Kikubaaqudgha.
  7873 | D:8      | Found a burning altar of Makhleb.
  7875 | D:8      | 7875 ||| UPGRADING to +0 pair of boots "Rihosch" {Rampage
                  | rF++ Str+5}.
  7878 | D:8      | 7878 ||| UPGRADING to +0 pair of boots "Rihosch" {Rampage
                  | rF++ Str+5}.
  7881 | D:8      | 7881 ||| UPGRADING to +0 pair of boots "Rihosch" {Rampage
                  | rF++ Str+5}.
  7883 | D:8      | 7883 ||| UPGRADING to +0 pair of boots "Rihosch" {Rampage
                  | rF++ Str+5}.
  7893 | D:8      | 7893 ||| DROPPING +1 pair of boots.
  7894 | D:8      | 7894 ||| UPGRADING to +0 steam dragon scales.
  8472 | D:8      | 8472 ||| UPGRADING to ring of positive energy.
  8473 | D:8      | 8473 ||| READING scroll labelled OSUREXT RAUFO.
  8574 | D:8      | 8574 ||| READING scroll labelled RICIYSS KEUNACI.
  8575 | D:8      | 8575 ||| READING scroll labelled VAWAAXT UXAPOT.
  8709 | D:9      | Found an iron altar of Okawaru.
  8710 | D:9      | 8710 ||| PLANNING OKAWARU WORSHIP
  8714 | D:9      | 8714 ||| Stepping ~*~*~tactically~*~*~ (outnumbered).
  8865 | D:9      | Became a worshipper of Warmaster Okawaru
  8866 | D:9      | 8866 ||| PLANNING D:1-11
  8888 | D:9      | 8888 ||| SWAPPING to +0 orcbow.
  8889 | D:9      | 8889 ||| DROPPING +3 sling of chaos.
  9140 | D:10     | Entered Level 10 of the Dungeon
  9161 | D:10     | Identified the ring of Buejofay {Will+ AC+4 Str+3}
  9246 | D:10     | 9246 ||| UPGRADING to ring of Buejofay {Will+ AC+4 Str+3}.
  9248 | D:10     | 9248 ||| UPGRADING to +5 ring of evasion.
  9291 | D:10     | Killed an unseen horror
  9360 | D:10     | 9360 ||| DROPPING ring of positive energy.
  9396 | D:10     | Reached * piety under Okawaru
  9397 | D:10     | Reached skill level 13 in Ranged Weapons
  9421 | D:10     | Reached skill level 1 in Invocations
  9476 | D:10     | Noticed a two-headed ogre
  9477 | D:10     | 9477 ||| INVOKING Heroism.
  9485 | D:10     | Killed a two-headed ogre
  9485 | D:10     | Reached ** piety under Okawaru
  9486 | D:10     | Reached XP level 11. HP: 75/75 MP: 9/13
  9535 | D:10     | 9535 ||| INVOKING Heroism.
  9538 | D:10     | Reached skill level 3 in Invocations
  9652 | D:10     | 9652 ||| INVOKING Heroism.
  9653 | D:10     | HP: 6/75 [something (28)]
  9689 | D:10     | 9689 ||| INVOKING Heroism.
  9701 | D:10     | Reached skill level 9 in Fighting
  9892 | D:10     | 9892 ||| INVOKING Heroism.
  9938 | D:10     | 9938 ||| INVOKING Heroism.
  9978 | D:10     | Found a staircase to the Lair.
  9988 | D:10     | Noticed a two-headed ogre
  9989 | D:10     | 9989 ||| INVOKING Heroism.
 10009 | D:10     | Killed a two-headed ogre
 10157 | D:10     | Found a staircase to the Orcish Mines.
 10288 | D:10     | 10288 ||| INVOKING Heroism.
 10316 | D:10     | 10316 ||| PLANNING LAIR
 10316 | D:10     | 10316 ||| READING scroll labelled ORAARI ASKE.
 10365 | Lair:1   | Entered Level 1 of the Lair of Beasts
 10389 | Lair:1   | 10389 ||| INVOKING Heroism.
 10426 | Lair:1   | 10426 ||| INVOKING Heroism.
 10437 | Lair:1   | Reached skill level 14 in Ranged Weapons
 10535 | Lair:1   | 10535 ||| INVOKING Heroism.
 10559 | Lair:1   | 10559 ||| INVOKING Heroism.
 10563 | Lair:1   | HP: 19/78 [hell rat (6)]
 10569 | Lair:1   | HP: 7/78 [hell rat (8)]
 10570 | Lair:1   | HP: 1/78 [hell rat (6)]
 10573 | Lair:1   | Mangled by a hell rat

Levels and vault maps discovered:
D:1:      lightli_arrival_flooded_house, layout_basic, serial_park_tiny_pond
D:2:      minmay_spotlight, layout_rooms,
          hellmonk_ecumenical_altar_defaced_shrine, kennysheep_doodads,
          minmay_domino_4, uniq_jessica
D:3:      layout_loops_corners, serial_shops, nicolae_shop_tiny_statue_garden,
          uniq_grinder
D:4:      cheibrodos_helix_gallery, layout_gridville, ebering_ghost_sewer_d,
          corexii_checkpoint_b, kennysheep_decorative_pillar,
          minmay_shop_mayhem, uniq_sigmund, uniq_ijyb
D:5:      layout_rooms, old_standard_altar, temple_hall,
          hangedman_abyss_or_decor_lesser_grid, lemuel_flame_loot_1, uniq_pikel
D:6:      layout_loops_ring, trog_antimagical, biasface_ghost_orc_armoury,
          nicolae_shop_clearance, uniq_blork_the_orc
D:7:      layout_basic, kennysheep_mini, serial_shops, shop, dk_noncrumbling_4
D:8:      layout_rooms, jmf_multi_god_temple, serial_co_window_serial,
          co_window_paths_a, co_window_of_opportunity_a, co_window_cross_1,
          co_window_paths_b, co_window_corner_a, co_window_corner_b,
          co_window_corner_b, co_window_of_opportunity_c, glass_columns_c,
          glass_columns_b, minmay_increasing_density, uniq_maurice
D:9:      layout_rooms, okawaru_trees_2
D:10:     layout_gridville, due_lair_maze_entry_diamond, orc_0_dummy,
          minmay_rotating_lava
Temple:   nicolae_temple_x_marks_the_god
Lair:1:   layout_misc_corridors, infiniplex_staircase_pool_2, grunt_megastairs_1

Skill      XL: |  1  2  3  4  5  6  7  8  9 10 11 |
---------------+----------------------------------+-----
Ranged Weapons | 3 4 5 7 9 11 13 14 | 14.0
Fighting       | 2 4 6 8 9 |  9.3
Armour         | 1 2 3 4 5 |  5.0
Dodging        | 2 4 |  4.1
Invocations    | 2 4 |  4.0
Spellcasting   | |  1.0
Hexes          | |  2.6

Action                     |  1- 3 |  4- 6 |  7- 9 | 10-12 || total
---------------------------+-------+-------+-------+-------++-------
   Fire: Sling             |   105 |   154 |   440 |   212 ||   911
         Orcbow            |       |       |       |   334 ||   334
 Invoke: Heroism           |       |       |       |    12 ||    12
    Use: Scroll            |     1 |     4 |     7 |     5 ||    17
         Potion            |       |     3 |     1 |       ||     4
 Armour: Robe              |     4 |       |       |       ||     4
         Leather armour    |    34 |    27 |     4 |    26 ||    91
         Ring mail         |       |       |   141 |    10 ||   151
         Skin              |       |       |     1 |       ||     1
         Steam dragon scal |       |       |       |    96 ||    96
  Dodge: Dodged            |    41 |    48 |   145 |   356 ||   590
  Block: Other             |    19 |    16 |       |       ||    35

Table legend:
 A = Non-vault XP
 B = Vault XP
 C = Vault XP percentage of total XP
 D = Non-vault monster count
 E = Vault monster count
 F = Vault count percentage of total count
                 A         B        C        D         E       F
            +---------+---------+-------+---------+---------+-------
      Total |    9428 |    5728 |  37.8 |     187 |      49 |  20.8
            +---------+---------+-------+---------+---------+-------
        D:1 |      20 |      11 |  35.5 |      13 |       4 |  23.5
        D:2 |      87 |      56 |  39.2 |      19 |       7 |  26.9
        D:3 |      94 |     258 |  73.3 |      18 |       1 |   5.3
        D:4 |     236 |     276 |  53.9 |       8 |       6 |  42.9
        D:5 |     552 |     617 |  52.8 |      19 |       1 |   5.0
        D:6 |    1743 |     422 |  19.5 |      38 |       4 |   9.5
        D:7 |     855 |     496 |  36.7 |      31 |       1 |   3.1
        D:8 |     882 |     673 |  43.3 |      11 |       7 |  38.9
        D:9 |     544 |       0 |   0.0 |       5 |       0 |   0.0
       D:10 |    2891 |    1999 |  40.9 |      13 |      12 |  48.0
     Lair:1 |    1524 |     920 |  37.6 |      12 |       6 |  33.3
            +---------+---------+-------+---------+---------+-------
